 Dungeon Crawl Stone Soup version 0.30-a0-782-ge64f9170bb (webtiles) character file.

Game seed: 9025455878851915397

56 Leeroy the Slasher (level 3, -2/27 HPs)
             Began as a Merfolk Gladiator on Feb 22, 2023.
             Splashed by a jelly's acid (9 damage)
             ... on level 3 of the Dungeon.
             The game lasted 00:01:33 (1225 turns).

Leeroy the Slasher (Merfolk Gladiator)              Turns: 1225, Time: 00:01:34

Health: -2/27      AC:  0    Str: 14    XL:     3   Next: 95%
Magic:  3/3        EV: 13    Int:  7    God:
Gold:   44         SH:  0    Dex: 17    Spells: 2/2 levels left

rFire   . . .      SeeInvis .    a - +0 long sword
rCold   . . .      Faith    .    (no shield)
rNeg    . . .      Spirit   .    b - +0 leather armour
rPois   .          Reflect  .    c - +0 helmet
rElec   .          Harm     .    (no cloak)
rCorr   .          Rampage  .    (no gloves)
Will    .....                    (no boots)
Stlth   +                        (no amulet)
HPRegen 0.24/turn                (no ring)
MPRegen 0.08/turn                (no ring)

@: corroded
A: (nimble swimmer 2), mertail
a: no special abilities


You were on level 3 of the Dungeon.
You visited 1 branch of the dungeon, and saw 3 of its levels.

You collected 44 gold pieces.

Inventory:

Hand Weapons
 a - a +0 long sword (weapon)
 q - a +0 dagger of draining
Missiles
 d - 3 throwing nets (quivered)
 e - 3 javelins
Armour
 b - a +0 leather armour (worn)
 c - a +0 helmet (worn)
Scrolls
 f - 3 scrolls of teleportation {unknown}
 h - a scroll of fog {unknown}
 k - a scroll of identify {unknown}
 l - a scroll of poison {unknown}
 o - a scroll of fear {unknown}
Potions
 g - a potion of curing {unknown}
 i - a potion of might {unknown}
 j - a potion of lignification {unknown}
 m - a potion of invisibility {unknown}
 n - a potion of degeneration {unknown}
 p - 2 potions of attraction {unknown}
 r - a potion of brilliance {unknown}


   Skills:
 - Level 2.1 Fighting
 + Level 5.7 Long Blades
 - Level 2.0 Throwing
 - Level 4.0 Dodging


You had 2 spell levels left.
You didn't know any spells.
Your spell library contained the following spells:

 Spells                   Type           Power      Damage    Failure   Level
 Lesser Beckoning         Tloc           0%         N/A       65%         2
 Gell's Gravitas          Tloc           0%         N/A       87%         3
 Teleport Other           Tloc           0%         N/A       87%         3


Dungeon Overview and Level Annotations

Branches:
Dungeon (3/15)

Altars:

Shops:
D:1 :


Innate Abilities, Weirdness & Mutations

((You are very nimble when in or above water. (Stealth+, EV+, Speed+++)))
Your lower body shifts to a powerful aquatic tail in water.


Message History

You barely miss the hobgoblin. The hobgoblin misses you.
You hit the hobgoblin.
The hobgoblin is almost dead.
The hobgoblin misses you.
You hit the hobgoblin.
You kill the hobgoblin!
No target in view!
No target in view!
No target in view!
You now have 44 gold pieces (gained 9).
Found a mace.
Found a stone staircase leading up.
You see here a +0 mace.
You see here a +0 mace.
Done exploring.
No target in view!
Done exploring.
Done exploring.
There is an escape hatch in the floor here.
You slide downwards.
The hatch slams shut behind you.
Found a scroll labelled KARIOSTROAJ.
A jelly is nearby!
A jelly is nearby!
Found 18 gold pieces.
The jelly misses you.
You hit the jelly. The acid corrodes you!
Your hands burn!
The jelly is lightly wounded.
The jelly hits you.
You are splashed with acid!
You are too injured to fight recklessly!
You are too injured to fight recklessly!
You are too injured to fight recklessly!
You are too injured to fight recklessly!
You are too injured to fight recklessly!
You are too injured to fight recklessly!
You slash the jelly!
Your hands burn!
* * * LOW HITPOINT WARNING * * *
The jelly is severely wounded.
The jelly hits you.
* * * LOW HITPOINT WARNING * * *
You are splashed with acid!
You die...

##+## ##..J##
##..@..##
?#####.......##
..............#
..............+
###...........#
#..#.......##
#..##.....## #$
##...## ##+##


You could see a jelly.

Vanquished Creatures
  An adder (D:2)
  A dart slug (D:1)
  5 ball pythons
  2 endoplasms
  4 goblins (D:1)
  7 hobgoblins
  3 jackals (D:1)
  A quokka (D:2)
  7 bats
  5 frilled lizards
  3 kobolds
  A rat (D:1)
40 creatures vanquished.

Notes
Turn   | Place    | Note
-------+----------+-------------------------------------------
     0 | D:1      | Leeroy the Merfolk Gladiator began the quest for the Orb.
     0 | D:1      | Reached XP level 1. HP: 16/16 MP: 1/1
   100 | D:1      | Reached skill level 4 in Long Blades
   120 | D:1      | Reached XP level 2. HP: 17/22 MP: 2/2
   274 | D:1      | Reached XP level 3. HP: 27/27 MP: 3/3
   276 | D:1      | Reached skill level 5 in Long Blades
   345 | D:1      | Found Plog's Book Shoppe.
  1225 | D:3      | Splashed by a jelly's acid

Illustrated notes

Levels and vault maps discovered:
D:1:      minmay_arrival_loop, layout_basic, serial_shops, nicolae_shop_stone
D:2:      layout_loops_ring
D:3:      layout_loops_corners, nicolae_hepliaklqana_hippocampus,
          mainiacjoe_overflow_six_doors_small,
          shapermc_ecumenical_altar_mp_ritualfount, uniq_crazy_yiuf_cottage,
          uniq_jessica, uniq_robin

Skill      XL: |  1  2  3 |
---------------+----------+-----
Long Blades    | 4 5 |  5.7
Fighting       | |  2.1
Throwing       | |  2.0
Dodging        | |  4.0

Action                     || total
---------------------------++-------
  Melee: Long sword        ||   105
   Stab: Distracted        ||     1
 Armour: Leather armour    ||    31
  Dodge: Dodged            ||    86

Table legend: (Time is in decaauts)
 A = Elapsed time spent in this place.
 B = Non-inter-level travel time spent in this place.
 C = Inter-level travel time spent in this place.
 D = Time resting spent in this place.
 E = Time spent auto-exploring this place.
 F = Levels seen in this place.
 G = Mean time per level.
                   A        B        C        D        E       F      G
               +--------+--------+--------+--------+--------+-----+--------+
         Total |   1241 |   1214 |     27 |      0 |    956 |   3 |  413.7 |
       Dungeon |   1241 |   1214 |     27 |      0 |    956 |   3 |  413.7 |
               +--------+--------+--------+--------+--------+-----+--------+

Top non-repeatable levels by time:
     D:2: 623 daAuts
     D:1: 613 daAuts
     D:3: 4 daAuts
